 Dungeon Crawl Stone Soup version 0.28-a0-1506-g3893175d92 (webtiles) character file.

Game seed: 5758148296189117206

477 dracfodder the Conjurer (level 7, -4/70 HPs)
             Began as a Human Conjurer on Jan 13, 2022.
             Was an Initiate of Vehumet.
             Slain by a kobold brigand (5 damage)
             ... on level 7 of the Dungeon.
             The game lasted 00:24:41 (4557 turns).

dracfodder the Conjurer (Human Conjurer)            Turns: 4557, Time: 00:24:42

Health: -4/70      AC:  4    Str:  5 (7)  XL:     7   Next: 33%
Magic:  8/12       EV: 12    Int: 22 (23) God:    Vehumet [......]
Gold:   149        SH:  0    Dex: 10 (11) Spells: 7/13 levels left

rFire   . . .      SeeInvis .   a - +1 short sword (drain)
rCold   + . .      Faith    .   (no shield)
rNeg    . . .      Spirit   .   e - +0 robe
rPois   .          Reflect  .   (no helmet)
rElec   .          Harm     .   (no cloak)
rCorr   .          Rampage  .   o - +1 pair of gloves
Will    .....                   (no boots)
Stlth   ..........              (no amulet)
HPRegen 0.21/turn               (no ring)
MPRegen 0.13/turn               (no ring)

@: berserking, very quick
A: clever 1, cold resistance 1, no potion heal 1
a: Renounce Religion


You were on level 7 of the Dungeon.
You worshipped Vehumet.
Vehumet was noncommittal.
You visited 2 branches of the dungeon, and saw 6 of its levels.

You collected 149 gold pieces.

Inventory:

Hand Weapons
 a - a +1 short sword of draining (weapon)
 b - a +0 hunting sling
Missiles
 f - 63 stones
 h - 29 sling bullets
 i - 89 arrows
 j - 14 bolts
 q - 2 poisoned darts
Armour
 e - a +0 robe (worn)
 o - a +1 pair of gloves (worn)
Wands
 s - a wand of polymorph (6)
Scrolls
 l - a scroll of blinking
Potions
 d - 2 potions of berserk rage


   Skills:
 + Level 0.6 Fighting
 + Level 0.4 Throwing
 + Level 2.6 Dodging
 + Level 2.9 Stealth
 + Level 0.3 Unarmed Combat
 + Level 3.7 Spellcasting
 * Level 6.7 Conjurations
 + Level 0.5 Hexes


You had 7 spell levels left.
You knew the following spells:

 Your Spells              Type           Power      Damage    Failure   Level
a - Magic Dart            Conj           100%       1d8       1%          1
b - Searing Ray           Conj           66%        2d6       1%          2
c - Dazzling Flash        Conj/Hex       40%        N/A       8%          3

Your spell library contained the following spells:

 Spells                   Type           Power      Damage    Failure   Level
 Fulminant Prism          Conj/Hex       10%        3d9       26%         4
 Iskenderun's Mystic Bla  Conj/Tloc      18%        2d6       28%         4
 Portal Projectile        Hex/Tloc       10%        N/A       30%         3
 Call Canine Familiar     Summ           4%         N/A       34%         3
 Ozocubu's Armour         Ice            4%         N/A       34%         3
 Leda's Liquefaction      Hex/Erth       2%         N/A       71%         4
 Metabolic Englaciation   Hex/Ice        2%         N/A       96%         5
 Simulacrum               Ice/Necr       2%         N/A       100%        6


Dungeon Overview and Level Annotations

Branches:
Dungeon (4/15)             Temple (1/1) D:4

Altars:
Ashenzari
Cheibriados
Dithmenos
Elyvilon
Fedhas
Hepliaklqana
Kikubaaqudgha
Makhleb
Nemelex Xobeh
Okawaru
Qazlal
Ru
Sif Muna
Trog
Uskayaw
Vehumet
Wu Jian
Xom
Yredelemnul
Zin
The Shining One


Innate Abilities, Weirdness & Mutations

Your mind is acute. (Int +2)
Your flesh is cold resistant. (rC+)
Potions are less effective at restoring your health.


Message History

The kobold brigand throws a poisoned dart.
The poisoned dart closely misses you.
The searing ray hits the kobold brigand!
The kobold brigand is moderately wounded.
The searing ray hits the kobold!
You kill the kobold!
Vehumet accepts your kill.
You feel sick.
The searing ray misses the kobold.
The searing ray hits the kobold brigand!
The kobold brigand is severely wounded.
The searing ray misses the kobold.
You finish channelling your searing ray.
You feel sick. The kobold hits you with a +0 club.
* * * LOW HITPOINT WARNING * * *
A red film seems to cover your vision as you go berserk!
You feel yourself moving faster!
You feel mighty!
You feel sick.
You are no longer poisoned.
A kobold brigand comes into view.
It is wielding a +0 whip and quivering poisoned darts.
The kobold hits you with a +0 club.
* * * LOW HITPOINT WARNING * * *
You hit the kobold.
The kobold is moderately wounded.
You barely miss the kobold brigand.
The kobold brigand is heavily wounded.
The kobold brigand throws a poisoned dart.
The poisoned dart closely misses you. The kobold barely misses you.
The kobold brigand hits you with a +0 dagger.
* * * LOW HITPOINT WARNING * * *
You miss the kobold brigand.
The kobold brigand is heavily wounded.
The kobold barely misses you.
You closely miss the kobold brigand.
The kobold brigand is heavily wounded.
The kobold brigand hits you but does no damage.
You closely miss the kobold brigand.
The kobold brigand is heavily wounded.
The kobold hits you but does no damage.
The kobold brigand hits you with a +0 dagger.
You die...

##..K#.......... ..#.
#....#.....#....
##...####.......# ...#
.#..........K....# ##..#
..#K....#........###.>..
........#:.......##.....
^.......# ##............
.......K###.............
#@KK))............
###K......##......
#....#...........
#....###.###......
....... #..#.......
........#...........
.....................
.#......... ........
.......


You could see 2 kobold brigands and 3 kobolds.

Vanquished Creatures
  Sigmund (D:4)
  Menkaure (D:4)
  Natasha (thrice) (D:2)
  An iguana (D:4)
  2 adders
  4 dart slugs
  An orc (D:3)
  2 ball pythons
  6 endoplasms
  3 giant cockroaches
  9 goblins
  2 hobgoblins
  10 jackals
  3 quokkas
  4 bats
  4 frilled lizards
  11 kobolds
  3 rats
70 creatures vanquished.

Notes
Turn   | Place    | Note
-------+----------+-------------------------------------------
     0 | D:1      | dracfodder the Human Conjurer began the quest for the Orb.
     0 | D:1      | Reached XP level 1. HP: 13/13 MP: 3/3
   108 | D:1      | Reached XP level 2. HP: 13/19 MP: 1/5
   614 | D:1      | Learned a level 2 spell: Searing Ray
   772 | D:1      | Reached XP level 3. HP: 24/24 MP: 2/6
  1119 | D:1      | Found a faded altar of an unknown god.
  1542 | D:2      | Noticed Natasha
  1547 | D:2      | Killed Natasha
  1548 | D:2      | Reached skill level 5 in Conjurations
  1548 | D:2      | Reached XP level 4. HP: 30/30 MP: 1/7
  1664 | D:2      | Noticed Natasha
  1697 | D:2      | Killed Natasha
  2294 | D:2      | Noticed Natasha
  2302 | D:2      | Killed Natasha
  2303 | D:2      | Reached XP level 5. HP: 34/35 MP: 2/8
  2542 | D:3      | Learned a level 3 spell: Dazzling Flash
  3796 | D:4      | Noticed a black bear
  3996 | D:4      | Noticed Menkaure
  4000 | D:4      | Killed Menkaure
  4001 | D:4      | Reached skill level 6 in Conjurations
  4001 | D:4      | Reached XP level 6. HP: 42/42 MP: 4/10
  4096 | D:4      | Noticed Sigmund
  4102 | D:4      | Killed Sigmund
  4103 | D:4      | Reached XP level 7. HP: 42/47 MP: 2/12
  4273 | D:4      | Found a staircase to the Ecumenical Temple.
  4358 | Temple   | Entered the Ecumenical Temple
  4438 | Temple   | Became a worshipper of Vehumet
  4461 | Temple   | Gained mutation: Your flesh is cold resistant. (rC+)
                  | [potion of mutation]
  4461 | Temple   | Gained mutation: Potions are less effective at restoring
                  | your health. [potion of mutation]
  4461 | Temple   | Gained mutation: Your mind is acute. (Int +2) [potion of
                  | mutation]
  4525 | D:4      | You fall into a shaft and drop 3 floors!
  4551 | D:7      | HP: 2/47 [kobold (1)]
  4557 | D:7      | Slain by a kobold brigand

Illustrated notes

Levels and vault maps discovered:
D:1:      dpeg_arrival_court, layout_loops_ring, basic_ecumenical_altar,
          minmay_misc_feat_room
D:2:      layout_basic, uniq_natasha
D:3:      layout_loops_ring
D:4:      layout_cave_pools, temple_green, uniq_sigmund, uniq_menkaure
D:7:      lemuel_bear_cage, layout_cave_pools, enter_bailey_3,
          kb_lookout_dungeons_type
Temple:   dpeg_three_leaves_temple

Skill      XL: |  1  2  3  4  5 |
---------------+----------------+-----
Conjurations   | 5 6 |  6.7
Spellcasting   | 3 |  3.7
Fighting       | |  0.6
Throwing       | |  0.4
Dodging        | |  2.6
Stealth        | |  2.9
Unarmed Combat | |  0.3
Hexes          | |  0.5

Action                   |  1- 3 |  4- 6 |  7- 9 || total
-------------------------+-------+-------+-------++-------
Melee: Unarmed           |     9 |       |       ||     9
       Dagger            |    15 |       |       ||    15
       Short sword       |     4 |    11 |     5 ||    20
Throw: Stone             |       |     4 |       ||     4
 Cast: Magic Dart        |    31 |    18 |       ||    49
       Searing Ray       |     9 |    18 |     3 ||    30
       Dazzling Flash    |       |     7 |       ||     7
  Use: Scroll            |       |    10 |     1 ||    11
       Potion            |       |       |    10 ||    10
Armor: Robe              |     5 |     6 |     4 ||    15
Dodge: Dodged            |    25 |    16 |    11 ||    52

Table legend: (Time is in decaauts)
 A = Elapsed time spent in this place.
 B = Non-inter-level travel time spent in this place.
 C = Inter-level travel time spent in this place.
 D = Time resting spent in this place.
 E = Time spent auto-exploring this place.
 F = Levels seen in this place.
 G = Mean time per level.
                   A        B        C        D        E       F      G
               +--------+--------+--------+--------+--------+-----+--------+
         Total |   4565 |   4397 |    168 |   1723 |   1933 |   6 |  760.8 |
       Dungeon |   4461 |   4295 |    166 |   1715 |   1878 |   5 |  892.2 |
        Temple |    103 |    101 |      2 |      8 |     55 |   1 |  103.0 |
               +--------+--------+--------+--------+--------+-----+--------+

Top non-repeatable levels by time:
     D:1: 1478 daAuts
     D:3: 1203 daAuts
     D:2: 1107 daAuts
     D:4: 641 daAuts
  Temple: 103 daAuts
     D:7: 30 daAuts
